 Dungeon Crawl Stone Soup version 0.19.5 (webtiles) character file.

10375 Lizzreth the Carver (level 11, -4/97 (99) HPs)
             Began as a Green Draconian Gladiator on Mar 13, 2017.
             Was a Priest of Makhleb.
             Slain by an orc knight
             ... wielding a +1 war axe of chopping
              (25 damage)
             ... on level 1 of the Orcish Mines.
             The game lasted 01:10:55 (11628 turns).

Lizzreth the Carver (Green Draconian Gladiator)    Turns: 11628, Time: 01:10:58

HP:   -4/97 (99)    AC: 11    Str: 19    XL:     11   Next: 35%
MP:   11/11         EV: 17    Int:  8    God:    Makhleb [***...]
Gold: 647           SH:  0    Dex: 20    Spells: 0 memorised, 10 levels left

rFire  . . .     SeeInvis .     l - +8 double sword (slice)
rCold  . . .     Gourm    .     (armour unavailable)
rNeg   . . .     Faith    .     (no shield)
rPois  +         Spirit   .     b - +0 hat
rElec  .         Reflect  .     (no cloak)
rCorr  .         Harm     .     F - +2 pair of gloves
MR     .....                    e - +0 pair of boots
Stlth  ++........               v - amulet of regeneration
                                J - +2 ring of dexterity
                                S - ring "Tuclourch" {Dex+4 Slay+3}

@: short of breath, drained
A: breathe noxious fumes, unfitting armour, poison resistance, cold-blooded, AC
+7
a: Breathe Noxious Fumes, Minor Destruction, Lesser Servant of Makhleb, Renounce
Religion


You were on level 1 of the Orcish Mines.
You worshipped Makhleb.
Makhleb was most pleased with you.
You were not hungry.

You visited 3 branches of the dungeon, and saw 14 of its levels.
You also visited: Labyrinth and Ossuary.

You collected 739 gold pieces.
You spent 92 gold pieces at shops.

Inventory:

Hand Weapons
 a - a +0 long sword
 g - a +2 long sword of slicing
 l - a +8 double sword of slicing (weapon)
Missiles
 c - 5 throwing nets (quivered)
Armour
 b - a +0 hat (worn)
 e - a +0 pair of boots (worn)
 F - a +2 pair of gloves (worn)
Jewellery
 k - a +2 ring of strength
 u - an uncursed ring of resist corrosion
 v - an amulet of regeneration (around neck)
 C - an uncursed ring of poison resistance
 J - a +2 ring of dexterity (right hand)
 L - an uncursed amulet of rage
 N - an uncursed amulet of magic regeneration
 S - the ring "Tuclourch" (left hand) {Dex+4 Slay+3}
   (You found it on level 12 of the Dungeon)

   [ring of slaying]

   It affects your dexterity (+4).
   It affects your accuracy and damage with ranged weapons and melee attacks
   (+3).
Wands
 x - a wand of confusion (48/48)
 z - a wand of iceblast (8/15)
 B - a wand of disintegration (13/24)
Scrolls
 h - 7 scrolls of teleportation
 i - 6 scrolls of remove curse
 s - 3 scrolls of identify
 t - 3 scrolls of fog
 y - 3 scrolls of blinking
 D - 2 scrolls of fear
 E - a scroll of recharging
Potions
 j - 2 potions of curing
 p - a potion of berserk rage
 q - 4 potions of agility
 r - 2 potions of haste
 w - 2 potions of might
 A - a potion of flight
 G - a potion of cancellation
 K - a potion of invisibility
 M - a potion of heal wounds {unknown}
Books
 m - a book of Power

   Spells                             Type                      Level
   a - Fulminant Prism                Conjuration/Hexes            4
   b - Iskenderun's Mystic Blast      Conjuration                  4
   c - Venom Bolt                     Conjuration/Poison           5
   d - Bolt of Magma                  Conjuration/Fire/Earth       5
   e - Iron Shot                      Conjuration/Earth            6
   f - Orb of Destruction             Conjuration                  7
   g - Spellforged Servitor           Conjuration/Summoning        7
 I - a book of Necromancy

   Spells                             Type                      Level
   a - Pain                           Necromancy                   1
   b - Animate Skeleton               Necromancy                   1
   c - Vampiric Draining              Necromancy                   3
   d - Regeneration                   Charms/Necromancy            3
   e - Animate Dead                   Necromancy                   4
   f - Control Undead                 Necromancy                   4
 O - the Catalogue of Beguiling
   (You found it in a labyrinth)

   Spells                             Type                      Level
   a - Ensorcelled Hibernation        Hexes/Ice                    2
   b - Inner Flame                    Hexes/Fire                   3
   c - Spectral Weapon                Hexes/Charms                 3
   d - Leda's Liquefaction            Hexes/Earth                  4
   e - Summon Mana Viper              Hexes/Summoning              5
 P - Wionaz's Catalogue of Evil Curses
   (You found it in a labyrinth)

   Spells                             Type                      Level
   a - Spectral Weapon                Hexes/Charms                 3
   b - Vampiric Draining              Necromancy                   3
   c - Cause Fear                     Hexes                        4
   d - Silence                        Hexes/Air                    5
   e - Death Channel                  Necromancy                   6
 Q - a book of Party Tricks

   Spells                             Type                      Level
   a - Summon Butterflies             Summoning                    1
   b - Apportation                    Translocation                1
   c - Lesser Beckoning               Translocation                3
   d - Tukima's Dance                 Hexes                        3
   e - Alistair's Intoxication        Transmutation/Poison         5
   f - Invisibility                   Hexes                        6
Miscellaneous
 R - a phantom mirror
Comestibles
 d - 7 bread rations
 f - 4 fruits
 n - 11 meat rations
 o - 3 beef jerkies
 H - 3 slices of pizza


   Skills:
 * Level 9.9(9.6) Fighting
 - Level 14.0(13.5) Long Blades
 - Level 1.7(1.4) Throwing
 * Level 6.6(6.2) Dodging
 + Level 0.4(0.1) Evocations


You had 10 spell levels left.
You didn't know any spells.

Dungeon Overview and Level Annotations

Branches:
Dungeon (12/15)            Temple (1/1) D:6            Lair (0/6) D:8
    Orc (1/2) D:12

Altars:
Ashenzari
Cheibriados
Dithmenos
Elyvilon
Fedhas
Gozag
Hepliaklqana
Kikubaaqudgha
Makhleb
Nemelex Xobeh
Okawaru
Ru
Sif Muna
Trog
Uskayaw
Vehumet
Xom
Yredelemnul
Zin
The Shining One

Shops:
D:6 *   D:7 !


Innate Abilities, Weirdness & Mutations

You can breathe blasts of noxious fumes.
Your lurid green scales are hard. (AC +7)
You cannot fit into any form of body armour.
Your system is resistant to poisons. (rPois)
You are cold-blooded and may be slowed by cold attacks.


Message History

The orc knight hits you with a war axe of chopping!!
You hit the orc knight.
The orc knight is lightly wounded.
You hit the orc knight but do no damage.
Your tail-slap misses the orc knight.
The orc knight is lightly wounded.
The orc knight hits you with a war axe of chopping!!
* * * LOW HITPOINT WARNING * * *
x2 You are too injured to fight recklessly!
You are too injured to fight recklessly!
Unknown command.
Press: ? - help, Shift-Dir - straight line, f - orc knight
Aim: an orc knight, wielding a war axe of chopping and wearing a chain mail (lightly wounded)
You exhale a blast of noxious fumes.
The blast of choking fumes misses the orc knight.
You feel somewhat more hungry.
The orc knight is engulfed in noxious fumes.
The orc knight appears confused.
The orc knight hits you with a war axe of chopping!!
You die...

#. #........
..##...o......# ##
......o.......##.#
......o..#........
........ #.......
...$...###.....#
........#...o.#
.#........o.#.####
###.......4oO.#@#
#........#.#o##
####....######
##.......#
####........#
#.............
#..............
###.....###....#
.......###.....


You could see an orc knight (confused).

Vanquished Creatures
  A minotaur (Lab)
  2 hill giants
  Joseph (D:10)
  Maurice (D:9)
  A merfolk (D:11)
  A troll (D:12)
  2 hornets (D:11)
  Prince Ribbit (D:5)
  A hippogriff (D:11)
  2 wyverns
  6 yaks
  A steam dragon (D:11)
  A water moccasin (D:5)
  2 black bears
  5 sky beasts
  3 orc warriors
  4 ice beasts
  The ghost of tyranidshit the Skirmisher, an amateur DsAK of Lugonu (D:3)
  A necrophage (D:6)
  3 ogres
  6 centaurs
  3 big kobolds
  An elf zombie (Ossuary)
  9 bullfrogs
  A gnoll sergeant (D:9)
  A scorpion (D:6)
  4 killer bees (D:9)
  11 wights
  A spriggan skeleton (Lab)
  2 bullfrog zombies
  7 crimson imps
  A quasit (D:7)
  2 hounds (D:9)
  3 centaur zombies
  3 jellies
  3 bullfrog skeletons
  A gnoll shaman (D:4)
  3 orc priests
  2 centaur skeletons (Lab)
  A human zombie (Ossuary)
  3 orc wizards (D:6)
  7 worker ants
  2 iguanas
  A big kobold zombie (Ossuary)
  An ogre skeleton (Lab)
  A hound zombie (Ossuary)
  A hound skeleton (D:4)
  3 mummies (Ossuary)
  A worker ant zombie (D:9)
  10 gnolls
  A howler monkey skeleton (D:6)
  10 adders
  5 shadow imps
  7 oozes
  3 adder zombies (Ossuary)
  A worm (D:2)
  3 dart slugs
  7 leopard geckos
  21 orcs
  A ball python (D:6)
  6 bats
  10 giant cockroaches
  9 goblins
  7 hobgoblins
  10 jackals
  28 kobolds
  5 quokkas
  2 frilled lizards
  A giant cockroach zombie (D:5)
  6 goblin zombies (Ossuary)
  4 hobgoblin zombies (Ossuary)
  2 jackal zombies (Ossuary)
  5 kobold zombies (Ossuary)
  A leopard gecko zombie (D:5)
  2 orc zombies (Ossuary)
  3 quokka zombies (Ossuary)
  2 rat zombies (Ossuary)
297 creatures vanquished.

Notes
Turn   | Place    | Note
-------+----------+-------------------------------------------
     0 | D:1      | Lizzreth the Draconian Gladiator began the quest for the Orb.
     0 | D:1      | Reached XP level 1. HP: 17/17 MP: 1/1
    58 | D:1      | Reached XP level 2. HP: 19/24 MP: 2/2
   182 | D:1      | Reached skill level 4 in Long Blades
   183 | D:1      | Reached XP level 3. HP: 18/29 MP: 3/3
  1132 | D:2      | Reached XP level 4. HP: 31/36 MP: 4/4
  1174 | D:2      | Reached skill level 5 in Long Blades
  1830 | D:3      | Noticed tyranidshit's ghost (amateur DsAK)
  1851 | D:3      | Killed tyranidshit's ghost
  1851 | D:3      | Reached skill level 6 in Long Blades
  1851 | D:3      | Reached XP level 5. HP: 17/41 MP: 5/5
  2478 | D:3      | Reached XP level 6. HP: 33/48 MP: 6/6
  2858 | D:4      | Reached skill level 7 in Long Blades
  3359 | D:5      | Entered Level 5 of the Dungeon
  3599 | D:5      | Noticed Prince Ribbit
  3610 | D:5      | Reached skill level 8 in Long Blades
  3610 | D:5      | Your scales start taking on a lurid green colour.
  3610 | D:5      | Reached XP level 7. HP: 20/55 MP: 7/7
  3610 | D:5      | Gained mutation: Your system is resistant to poisons. (rPois) [Green Draconian growth]
  3621 | D:5      | Killed Prince Ribbit
  3801 | D:5      | Reached skill level 9 in Long Blades
  4014 | D:5      | Found a sand-covered staircase.
  4019 | Ossuary  | Entered an ossuary
  4055 | Ossuary  | Reached XP level 8. HP: 52/61 MP: 8/8
  4192 | Ossuary  | Reached skill level 10 in Long Blades
  5343 | D:6      | Reached skill level 11 in Long Blades
  5358 | D:6      | HP: 4/88 [orc warrior/dire flail (14)]
  5704 | D:6      | Reached XP level 9. HP: 43/65 MP: 9/9
  5806 | D:6      | Reached skill level 12 in Long Blades
  5843 | D:6      | Found Piec's Assorted Antiques.
  5857 | D:6      | Bought a scroll labeled JAITIJ JERUIMM for 23 gold pieces
  5857 | D:6      | Bought a scroll labeled ZUNGIG PIUM for 23 gold pieces
  5857 | D:6      | Bought a scroll labeled IWNUAC MEOBBI for 23 gold pieces
  5857 | D:6      | Bought a scroll labeled CUPNAWUSOGG for 23 gold pieces
  5945 | D:6      | Found a staircase to the Ecumenical Temple.
  5953 | Temple   | Entered the Ecumenical Temple
  6007 | Temple   | Became a worshipper of Makhleb the Destroyer
  6258 | D:6      | You fall through a shaft for 3 floors!
  6576 | D:9      | Noticed Maurice
  6584 | D:9      | Killed Maurice
  6617 | D:8      | Reached skill level 13 in Long Blades
  6722 | D:8      | Found a staircase to the Lair.
  7223 | D:7      | Found Jafecu's Distillery.
  7646 | D:7      | Reached * piety under Makhleb
  7773 | D:7      | Gained mutation: You possess an exceptional clarity of mind. [potion of mutation]
  7773 | D:7      | Gained mutation: You are robust. (+10% HP) [potion of mutation]
  7773 | D:7      | Gained mutation: Your flesh is cold resistant. (rC+) [potion of mutation]
  7775 | D:7      | Gained mutation: Your tail ends in a poisonous barb. [potion of mutation]
  7775 | D:7      | Gained mutation: Your body sometimes deteriorates upon taking damage. [potion of mutation]
  7776 | D:7      | Gained mutation: You are resistant to hostile enchantments. (MR+) [potion of mutation]
  7776 | D:7      | Gained mutation: You are dopey. (Int -2) [potion of mutation]
  7777 | D:7      | Lost mutation: Your flesh is cold resistant. (rC+) [potion of mutation]
  7777 | D:7      | Lost mutation: You possess an exceptional clarity of mind. [potion of mutation]
  7837 | D:7      | Lost mutation: You are robust. (+10% HP) [potion of cure mutation]
  7837 | D:7      | Lost mutation: Your tail ends in a poisonous barb. [potion of cure mutation]
  7837 | D:7      | Lost mutation: Your body sometimes deteriorates upon taking damage. [potion of cure mutation]
  7837 | D:7      | Lost mutation: You are resistant to hostile enchantments. (MR+) [potion of cure mutation]
  8070 | D:8      | Gained mutation: You are very dopey. (Int -4) [mutagenic meat]
  8071 | D:8      | Gained mutation: You regenerate slowly when monsters are visible. [mutagenic meat]
  8075 | D:8      | Gained mutation: You have sharp fingernails. [mutagenic meat]
  8434 | D:9      | Reached skill level 14 in Long Blades
  8572 | D:9      | Reached XP level 10. HP: 72/72 MP: 10/10
  8619 | D:9      | Gained mutation: You are frail. (-10% HP) [potion of mutation]
  8619 | D:9      | Gained mutation: You are somewhat resistant to further mutation. [potion of mutation]
  9306 | D:10     | Entered Level 10 of the Dungeon
  9346 | D:10     | Noticed a hill giant
  9354 | D:10     | Killed a hill giant
  9354 | D:10     | Reached skill level 5 in Fighting
  9467 | D:10     | Noticed Joseph
  9476 | D:10     | Killed Joseph
  9496 | D:10     | Lost mutation: You regenerate slowly when monsters are visible. [potion of cure mutation]
  9496 | D:10     | Lost mutation: You are very dopey. (Int -4) [potion of cure mutation]
  9496 | D:10     | Lost mutation: You are frail. (-10% HP) [potion of cure mutation]
  9496 | D:10     | Lost mutation: You are somewhat resistant to further mutation. [potion of cure mutation]
  9496 | D:10     | Lost mutation: You are dopey. (Int -2) [potion of cure mutation]
  9496 | D:10     | Lost mutation: You have sharp fingernails. [potion of cure mutation]
  9616 | D:10     | Reached ** piety under Makhleb
 10130 | D:11     | Reached skill level 5 in Dodging
 10196 | D:11     | Found a labyrinth entrance.
 10226 | Lab      | Entered a labyrinth
 10836 | Lab      | Noticed a minotaur
 10843 | Lab      | Killed a minotaur
 10843 | Lab      | Reached XP level 11. HP: 93/93 MP: 11/11
 10852 | Lab      | Identified the Catalogue of Beguiling
 10855 | Lab      | Identified Wionaz's Catalogue of Evil Curses
 11090 | D:11     | Noticed a hill giant
 11095 | D:11     | Killed a hill giant
 11259 | D:12     | Found a staircase to the Orcish Mines.
 11374 | D:12     | Got a scintillating brass ring
 11375 | D:12     | Identified the ring "Tuclourch" {Dex+4 Slay+3} (You found it on level 12 of the Dungeon)
 11520 | Orc:1    | Entered Level 1 of the Orcish Mines
 11585 | Orc:1    | Reached *** piety under Makhleb
 11609 | Orc:1    | Noticed an orc knight
 11610 | Orc:1    | Noticed an orc sorcerer
 11628 | Orc:1    | Slain by an orc knight

Skill      XL: |  1  2  3  4  5  6  7  8  9 10 11 |
---------------+----------------------------------+-----
Long Blades    | 4 6 8 9 11 14 | 14.0
Dodging        | 5 6 |  6.6
Fighting       | 8 9 |  9.9
Throwing       | |  1.7
Evocations     | |  0.4

Action                   |  1- 3 |  4- 6 |  7- 9 | 10-12 || total
-------------------------+-------+-------+-------+-------++-------
Melee: Long sword        |    96 |   195 |   289 |       ||   580
       Tailslap          |    15 |    26 |    54 |    28 ||   123
       Double sword      |       |       |    92 |   198 ||   290
 Abil: Breathe Noxious F |       |       |     2 |     2 ||     4
Evoke: Wand              |       |     3 |       |     2 ||     5
  Use: Potion            |       |     1 |    15 |     3 ||    19
       Scroll            |       |       |    15 |     4 ||    19
 Stab: Sleeping          |     2 |     2 |     2 |     1 ||     7
       Confused          |       |     2 |     2 |       ||     4
  Eat: Chunk             |     1 |     7 |    11 |     4 ||    23
       Bread ration      |       |       |     2 |     2 ||     4
       Beef jerky        |       |       |     1 |       ||     1
Armor: Skin              |    38 |    64 |   106 |    54 ||   262
Dodge: Dodged            |    70 |   152 |   238 |   132 ||   592
       Rpst.: Long sword |    23 |    56 |    57 |       ||   136
       Double sword      |       |       |    26 |    34 ||    60
